Workbook

Sheet Price List
A1: Item ID | B1: Item Name | C1: Category | D1: Supplier | E1: Pack/Serve Size | F1: Cost ex GST | G1: GST Rate | H1: GST Amount | I1: Sell Price inc GST | J1: Gross Profit | K1: Gross Margin % | L1: Healthy Choice | M1: Available | N1: Effective Date | O1: Review Date | P1: Notes
A2: CAN-001 | B2: Ham and cheese sandwich | C2: Sandwiches | D2: Sydney School Foods | E2: 1 sandwich | F2: 2.4 | G2: 0 | H2: =IF($F2="","",IF($G2=10%,$F2*$G2,0)) | I2: 6 | J2: =IF(OR($F2="",$H2="",$I2=""),"",$I2-$F2-$H2) | K2: =IF(OR($I2="",$I2=0,$J2=""),"",$J2/$I2) | L2: Yes | M2: Yes | N2: 46037 | O2: =IF($N2="","",EDATE($N2,6)) | P2: Sydney supplier; contains gluten, dairy and ham.
A3: CAN-002 | B3: Chicken salad wrap | C3: Wraps | D3: Melbourne Fresh Catering | E3: 1 wrap | F3: 3.1 | G3: 0 | H3: =IF($F3="","",IF($G3=10%,$F3*$G3,0)) | I3: 7 | J3: =IF(OR($F3="",$H3="",$I3=""),"",$I3-$F3-$H3) | K3: =IF(OR($I3="",$I3=0,$J3=""),"",$J3/$I3) | L3: Yes | M3: Yes | N3: 46054 | O3: =IF($N3="","",EDATE($N3,6)) | P3: Melbourne supplier; contains gluten and egg.
A4: CAN-003 | B4: Vegemite scroll | C4: Bakery | D4: Brisbane Bakery Supply | E4: 1 scroll | F4: 1.2 | G4: 0 | H4: =IF($F4="","",IF($G4=10%,$F4*$G4,0)) | I4: 3.5 | J4: =IF(OR($F4="",$H4="",$I4=""),"",$I4-$F4-$H4) | K4: =IF(OR($I4="",$I4=0,$J4=""),"",$J4/$I4) | L4: Yes | M4: Yes | N4: 46054 | O4: =IF($N4="","",EDATE($N4,6)) | P4: Brisbane baked daily; contains gluten.
A5: CAN-004 | B5: Fresh fruit cup | C5: Healthy Snacks | D5: Perth Produce Co | E5: 180 g cup | F5: 1.5 | G5: 0 | H5: =IF($F5="","",IF($G5=10%,$F5*$G5,0)) | I5: 4 | J5: =IF(OR($F5="",$H5="",$I5=""),"",$I5-$F5-$H5) | K5: =IF(OR($I5="",$I5=0,$J5=""),"",$J5/$I5) | L5: Yes | M5: Yes | N5: 46037 | O5: =IF($N5="","",EDATE($N5,6)) | P5: Perth seasonal fruit; check fresh stock daily.
A6: CAN-005 | B6: Yoghurt pouch | C6: Cold Snacks | D6: Adelaide Dairy Distributors | E6: 140 g pouch | F6: 1.35 | G6: 0 | H6: =IF($F6="","",IF($G6=10%,$F6*$G6,0)) | I6: 3.5 | J6: =IF(OR($F6="",$H6="",$I6=""),"",$I6-$F6-$H6) | K6: =IF(OR($I6="",$I6=0,$J6=""),"",$J6/$I6) | L6: Yes | M6: Yes | N6: 46068 | O6: =IF($N6="","",EDATE($N6,6)) | P6: Adelaide supplier; contains milk.
A7: CAN-006 | B7: Plain potato chips | C7: Snacks | D7: Sydney Snack Wholesale | E7: 45 g packet | F7: 1 | G7: 0.1 | H7: =IF($F7="","",IF($G7=10%,$F7*$G7,0)) | I7: 2.5 | J7: =IF(OR($F7="",$H7="",$I7=""),"",$I7-$F7-$H7) | K7: =IF(OR($I7="",$I7=0,$J7=""),"",$J7/$I7) | L7: No | M7: Yes | N7: 46082 | O7: =IF($N7="","",EDATE($N7,6)) | P7: GST applicable; contains potato and sunflower oil.
A8: CAN-007 | B8: Chocolate milk | C8: Drinks | D8: Melbourne Beverage Supply | E8: 300 mL bottle | F8: 1.4 | G8: 0.1 | H8: =IF($F8="","",IF($G8=10%,$F8*$G8,0)) | I8: 3.5 | J8: =IF(OR($F8="",$H8="",$I8=""),"",$I8-$F8-$H8) | K8: =IF(OR($I8="",$I8=0,$J8=""),"",$J8/$I8) | L8: No | M8: Yes | N8: 46082 | O8: =IF($N8="","",EDATE($N8,6)) | P8: GST applicable; contains milk.
A9: CAN-008 | B9: Bottled water | C9: Drinks | D9: Brisbane Refreshments | E9: 600 mL bottle | F9: 0.65 | G9: 0 | H9: =IF($F9="","",IF($G9=10%,$F9*$G9,0)) | I9: 2 | J9: =IF(OR($F9="",$H9="",$I9=""),"",$I9-$F9-$H9) | K9: =IF(OR($I9="",$I9=0,$J9=""),"",$J9/$I9) | L9: Yes | M9: Yes | N9: 46037 | O9: =IF($N9="","",EDATE($N9,6)) | P9: Brisbane supplier; recycle bottle after use.
A10: CAN-009 | B10: Frozen fruit icy pole | C10: Frozen Treats | D10: Perth Frozen Foods | E10: 70 mL icy pole | F10: 0.8 | G10: 0.1 | H10: =IF($F10="","",IF($G10=10%,$F10*$G10,0)) | I10: 2.5 | J10: =IF(OR($F10="",$H10="",$I10=""),"",$I10-$F10-$H10) | K10: =IF(OR($I10="",$I10=0,$J10=""),"",$J10/$I10) | L10: No | M10: No | N10: 46082 | O10: =IF($N10="","",EDATE($N10,6)) | P10: Temporarily unavailable; confirm allergy declaration before sale.
A11: CAN-010 | B11: Oat bar | C11: Healthy Snacks | D11: Adelaide Pantry Supplies | E11: 45 g bar | F11: 1.1 | G11: 0.1 | H11: =IF($F11="","",IF($G11=10%,$F11*$G11,0)) | I11: 3 | J11: =IF(OR($F11="",$H11="",$I11=""),"",$I11-$F11-$H11) | K11: =IF(OR($I11="",$I11=0,$J11=""),"",$J11/$I11) | L11: Yes | M11: Yes | N11: 46068 | O11: =IF($N11="","",EDATE($N11,6)) | P11: GST applicable; contains oats and may contain nuts.
H12: =IF($F12="","",IF($G12=10%,$F12*$G12,0)) | J12: =IF(OR($F12="",$H12="",$I12=""),"",$I12-$F12-$H12) | K12: =IF(OR($I12="",$I12=0,$J12=""),"",$J12/$I12) | O12: =IF($N12="","",EDATE($N12,6))
H13: =IF($F13="","",IF($G13=10%,$F13*$G13,0)) | J13: =IF(OR($F13="",$H13="",$I13=""),"",$I13-$F13-$H13) | K13: =IF(OR($I13="",$I13=0,$J13=""),"",$J13/$I13) | O13: =IF($N13="","",EDATE($N13,6))
H14: =IF($F14="","",IF($G14=10%,$F14*$G14,0)) | J14: =IF(OR($F14="",$H14="",$I14=""),"",$I14-$F14-$H14) | K14: =IF(OR($I14="",$I14=0,$J14=""),"",$J14/$I14) | O14: =IF($N14="","",EDATE($N14,6))
H15: =IF($F15="","",IF($G15=10%,$F15*$G15,0)) | J15: =IF(OR($F15="",$H15="",$I15=""),"",$I15-$F15-$H15) | K15: =IF(OR($I15="",$I15=0,$J15=""),"",$J15/$I15) | O15: =IF($N15="","",EDATE($N15,6))
H16: =IF($F16="","",IF($G16=10%,$F16*$G16,0)) | J16: =IF(OR($F16="",$H16="",$I16=""),"",$I16-$F16-$H16) | K16: =IF(OR($I16="",$I16=0,$J16=""),"",$J16/$I16) | O16: =IF($N16="","",EDATE($N16,6))
H17: =IF($F17="","",IF($G17=10%,$F17*$G17,0)) | J17: =IF(OR($F17="",$H17="",$I17=""),"",$I17-$F17-$H17) | K17: =IF(OR($I17="",$I17=0,$J17=""),"",$J17/$I17) | O17: =IF($N17="","",EDATE($N17,6))
H18: =IF($F18="","",IF($G18=10%,$F18*$G18,0)) | J18: =IF(OR($F18="",$H18="",$I18=""),"",$I18-$F18-$H18) | K18: =IF(OR($I18="",$I18=0,$J18=""),"",$J18/$I18) | O18: =IF($N18="","",EDATE($N18,6))
H19: =IF($F19="","",IF($G19=10%,$F19*$G19,0)) | J19: =IF(OR($F19="",$H19="",$I19=""),"",$I19-$F19-$H19) | K19: =IF(OR($I19="",$I19=0,$J19=""),"",$J19/$I19) | O19: =IF($N19="","",EDATE($N19,6))
H20: =IF($F20="","",IF($G20=10%,$F20*$G20,0)) | J20: =IF(OR($F20="",$H20="",$I20=""),"",$I20-$F20-$H20) | K20: =IF(OR($I20="",$I20=0,$J20=""),"",$J20/$I20) | O20: =IF($N20="","",EDATE($N20,6))
H21: =IF($F21="","",IF($G21=10%,$F21*$G21,0)) | J21: =IF(OR($F21="",$H21="",$I21=""),"",$I21-$F21-$H21) | K21: =IF(OR($I21="",$I21=0,$J21=""),"",$J21/$I21) | O21: =IF($N21="","",EDATE($N21,6))
H22: =IF($F22="","",IF($G22=10%,$F22*$G22,0)) | J22: =IF(OR($F22="",$H22="",$I22=""),"",$I22-$F22-$H22) | K22: =IF(OR($I22="",$I22=0,$J22=""),"",$J22/$I22) | O22: =IF($N22="","",EDATE($N22,6))
H23: =IF($F23="","",IF($G23=10%,$F23*$G23,0)) | J23: =IF(OR($F23="",$H23="",$I23=""),"",$I23-$F23-$H23) | K23: =IF(OR($I23="",$I23=0,$J23=""),"",$J23/$I23) | O23: =IF($N23="","",EDATE($N23,6))
... H101: =IF($F101="","",IF($G101=10%,$F101*$G101,0)) | J101: =IF(OR($F101="",$H101="",$I101=""),"",$I101-$F101-$H101) | K101: =IF(OR($I101="",$I101=0,$J101=""),"",$J101/$I101) | O101: =IF($N101="","",EDATE($N101,6))

Sheet Dashboard
A1: School Canteen Price List Dashboard
A3: Total Menu Items | C3: Available Items | E3: Healthy Choice Items
A4: =COUNTA('Price List'!$B$2:$B$101) | C4: =COUNTIF('Price List'!$M$2:$M$101,"Yes") | E4: =COUNTIF('Price List'!$L$2:$L$101,"Yes")
A6: Average Sell Price | C6: Average Gross Margin | E6: GST-Applicable Items
A7: =IFERROR(AVERAGE('Price List'!$I$2:$I$101),0) | C7: =IFERROR(AVERAGE('Price List'!$K$2:$K$101),0) | E7: =COUNTIF('Price List'!$G$2:$G$101,10%)
A9: Total Gross Profit
A10: =SUM('Price List'!$J$2:$J$101)
A12: Category Summary | G12: Healthy Choice Summary
A13: Category | B13: Number of Items | C13: Average Sell Price | D13: Average Gross Margin | E13: Healthy Choice Count | G13: Choice | H13: Items
A14: Sandwiches | B14: =COUNTIF('Price List'!$C$2:$C$101,$A14) | C14: =IFERROR(AVERAGEIF('Price List'!$C$2:$C$101,$A14,'Price List'!$I$2:$I$101),0) | D14: =IFERROR(AVERAGEIF('Price List'!$C$2:$C$101,$A14,'Price List'!$K$2:$K$101),0) | E14: =COUNTIFS('Price List'!$C$2:$C$101,$A14,'Price List'!$L$2:$L$101,"Yes") | G14: Healthy Choice | H14: =COUNTIF('Price List'!$L$2:$L$101,"Yes")
A15: Wraps | B15: =COUNTIF('Price List'!$C$2:$C$101,$A15) | C15: =IFERROR(AVERAGEIF('Price List'!$C$2:$C$101,$A15,'Price List'!$I$2:$I$101),0) | D15: =IFERROR(AVERAGEIF('Price List'!$C$2:$C$101,$A15,'Price List'!$K$2:$K$101),0) | E15: =COUNTIFS('Price List'!$C$2:$C$101,$A15,'Price List'!$L$2:$L$101,"Yes") | G15: Other Items | H15: =COUNTIF('Price List'!$L$2:$L$101,"No")
A16: Bakery | B16: =COUNTIF('Price List'!$C$2:$C$101,$A16) | C16: =IFERROR(AVERAGEIF('Price List'!$C$2:$C$101,$A16,'Price List'!$I$2:$I$101),0) | D16: =IFERROR(AVERAGEIF('Price List'!$C$2:$C$101,$A16,'Price List'!$K$2:$K$101),0) | E16: =COUNTIFS('Price List'!$C$2:$C$101,$A16,'Price List'!$L$2:$L$101,"Yes")
A17: Healthy Snacks | B17: =COUNTIF('Price List'!$C$2:$C$101,$A17) | C17: =IFERROR(AVERAGEIF('Price List'!$C$2:$C$101,$A17,'Price List'!$I$2:$I$101),0) | D17: =IFERROR(AVERAGEIF('Price List'!$C$2:$C$101,$A17,'Price List'!$K$2:$K$101),0) | E17: =COUNTIFS('Price List'!$C$2:$C$101,$A17,'Price List'!$L$2:$L$101,"Yes")
A18: Cold Snacks | B18: =COUNTIF('Price List'!$C$2:$C$101,$A18) | C18: =IFERROR(AVERAGEIF('Price List'!$C$2:$C$101,$A18,'Price List'!$I$2:$I$101),0) | D18: =IFERROR(AVERAGEIF('Price List'!$C$2:$C$101,$A18,'Price List'!$K$2:$K$101),0) | E18: =COUNTIFS('Price List'!$C$2:$C$101,$A18,'Price List'!$L$2:$L$101,"Yes")
A19: Snacks | B19: =COUNTIF('Price List'!$C$2:$C$101,$A19) | C19: =IFERROR(AVERAGEIF('Price List'!$C$2:$C$101,$A19,'Price List'!$I$2:$I$101),0) | D19: =IFERROR(AVERAGEIF('Price List'!$C$2:$C$101,$A19,'Price List'!$K$2:$K$101),0) | E19: =COUNTIFS('Price List'!$C$2:$C$101,$A19,'Price List'!$L$2:$L$101,"Yes")
A20: Drinks | B20: =COUNTIF('Price List'!$C$2:$C$101,$A20) | C20: =IFERROR(AVERAGEIF('Price List'!$C$2:$C$101,$A20,'Price List'!$I$2:$I$101),0) | D20: =IFERROR(AVERAGEIF('Price List'!$C$2:$C$101,$A20,'Price List'!$K$2:$K$101),0) | E20: =COUNTIFS('Price List'!$C$2:$C$101,$A20,'Price List'!$L$2:$L$101,"Yes")
A21: Frozen Treats | B21: =COUNTIF('Price List'!$C$2:$C$101,$A21) | C21: =IFERROR(AVERAGEIF('Price List'!$C$2:$C$101,$A21,'Price List'!$I$2:$I$101),0) | D21: =IFERROR(AVERAGEIF('Price List'!$C$2:$C$101,$A21,'Price List'!$K$2:$K$101),0) | E21: =COUNTIFS('Price List'!$C$2:$C$101,$A21,'Price List'!$L$2:$L$101,"Yes")
A24: Selected Item Lookup
A25: Item ID | B25: CAN-001
A26: Item Name | B26: =IFERROR(VLOOKUP($B$25,'Price List'!$A$2:$P$101,2,FALSE),"")
A27: Category | B27: =IFERROR(VLOOKUP($B$25,'Price List'!$A$2:$P$101,3,FALSE),"")
A28: Sell Price inc GST | B28: =IFERROR(VLOOKUP($B$25,'Price List'!$A$2:$P$101,9,FALSE),"")
A29: Availability | B29: =IFERROR(VLOOKUP($B$25,'Price List'!$A$2:$P$101,13,FALSE),"")

Sheet Instructions
A1: School Canteen Price List Instructions
A3: Using the Price List | B3: Enter or update products only in the pale yellow input cells on the Price List sheet. Formula cells calculate GST, gross profit, gross margin and review dates automatically.
A4: GST treatment | B4: Confirm GST treatment with the school’s accountant or BAS adviser, as Australian food GST rules vary by product and preparation.
A5: Price reviews | B5: Prices are displayed in Australian dollars and should be reviewed every six months. Review dates are calculated from the effective date.
A6: Supplier and allergy records | B6: Record supplier changes, pack-size changes and allergy information in Notes so the canteen team can maintain accurate product records.
A7: Food safety and nutrition | B7: Check allergen declarations, food handling requirements and school nutrition policies before selling items.
A8: Temporary stock issues | B8: Use Available = No for temporarily unavailable products rather than deleting historical records.
A9: Dashboard | B9: Use the Dashboard to review price, margin, category and healthy choice summaries. Use the Selected Item Lookup panel to find a product by Item ID.
A12: Colour Key
A13: Pale yellow | B13: Input cell — enter or update information here.
A14: Green | B14: Positive result or healthy choice item.
A15: Red | B15: Review required or temporarily unavailable item.
